AoeStats
← Gjallarhorn

Golden Pit

507120023Analyzed
1v1 RM · 15d ago on Sep 16, 2026· 23m 26s· 2 players
Game mode
Random Map
Map size
Tiny (2 player)
Population
200
Speed
Normal
Resources
Standard
Victory
Conquest
Starting age
Dark Age
Ending age
Imperial Age
RankedLock teamsTeams togetherTeam positionsShared explorationLock speedFull tech treeHidden civsTurbo modeCheats
Victory
Defeat
🇹🇷 Mongols · Türkiye
728
+16
🇩🇪 Mongols · Germany
725
-16
Gjallarhorn
4:54 Loom
9:29 Feudal Age
11:45 Double-Bit Axe
11:43 Horse Collar
19:45 Castle Age
23:11 Wheelbarrow
23:59 Scale Barding Armor
TidierCast1585
1:10 Loom
11:22 Feudal Age
15:24 Castle Age
15:44 Horse Collar
23:34 Fletching
Connection lost

Rejoining the realm…

Still unreachable

The connection could not be restored.

Session expired

The server has moved on; the page needs a fresh start.